 Seeded DCSS version 0.30.1-11-g7821555f0a (webtiles) character file.

Game seed: 5129858224507802926 (custom seed)

189 Psyclone the Conjurer (level 5, 28/28 HPs)
             Began as a Deep Elf Conjurer on Nov 10, 2023.
             Quit the game on level 3 of the Dungeon.
             The game lasted 00:01:02 (959 turns).

Psyclone the Conjurer (Deep Elf Conjurer)            Turns: 959, Time: 00:01:02

Health: 28/28      AC:  2    Str:  4    XL:     5   Next: 40%
Magic:  13/14      EV: 12    Int: 25    God:
Gold:   57         SH:  4    Dex: 13    Spells: 11/14 levels left

rFire   . . .        (no weapon)
rCold   . . .        (no shield)
rNeg    . . .        a - +0 robe
rPois   .            (no helmet)
rElec   .            (no cloak)
rCorr   .            (no gloves)
SInv    .            (no boots)
Will    .....        (no amulet)
Stlth   ++           (no ring)
HPRegen 0.24/turn    (no ring)
MPRegen 0.14/turn

%: clarity
@: no status effects
A: hooves 1, large bone plates 1, clarity, passive freeze, no potion heal 1
a: no special abilities


You were on level 3 of the Dungeon.
You visited 1 branch of the dungeon, and saw 4 of its levels.

You collected 57 gold pieces.

Inventory:

Armour
 a - a +0 robe (worn)
Scrolls
 d - a scroll of amnesia {unknown}
 e - a scroll of magic mapping {unknown}
 f - 3 scrolls of fear {unknown}
Potions
 b - a potion of magic


   Skills:
 - Level 2.4 Dodging
 - Level 2.4 Stealth
 + Level 5.0 Spellcasting
 * Level 6.5 Conjurations


You had 11 spell levels left.
You knew the following spells:

 Your Spells              Type           Power      Damage    Failure   Level
a - Magic Dart            Conj           100%       1d8       1%          1
b - Searing Ray           Conj           78%        2d7       1%          2

Your spell library contained the following spells:

 Spells                   Type           Power      Damage    Failure   Level
 Dazzling Flash           Conj/Hex       44%        N/A       6%          3
 Fulminant Prism          Conj/Hex       11%        3d8       22%         4
 Iskenderun's Mystic Bla  Conj/Tloc      22%        2d6       22%         4


Dungeon Overview and Level Annotations

Branches:
Dungeon (4/15) Zot: 23041
 Temple: D:4-7

Altars:

Shops:
D:2 =![

Annotations:
D:4 Eustachio


Innate Abilities, Weirdness & Mutations

You have large cloven feet.
You are partially covered in large bone plates. (SH +4)
You possess an exceptional clarity of mind.
A frigid envelope surrounds you and freezes all who hurt you.
Potions are less effective at restoring your health.


Message History

Eustachio is heavily wounded.
Eustachio calls on the powers of shadow!
Eustachio hits you with a +0 rapier.
You take 3 damage, and have 21/30 hp.
Unknown command.
Eustachio casts a spell.
Eustachio blinks!
Eustachio gestures wildly while chanting.
Eustachio blinks!
There is a stone staircase leading up here.
You climb upwards.
There is a stone staircase leading down here.
You regained 5 hp, and now have 26/30 hp.
You regained 3 mp, and now have 9/14 mp.
You start resting.
HP restored.
Health restored: 30 You regained 2 mp, and now have 11/14 mp.
Unknown command.
Really quaff the potion of mutation?
You feel extremely strange.
You feel stupid.
You feel frail.
You no longer feel a hidden potential within.
You feel your magical essence link to the dungeon's wands.
You feel yourself wasting away.
Large bone plates grow over parts of your arms.
You take 2 damage, and have 28/28 hp.
Really quaff the potion of mutation?
You feel extremely strange.
Your magical essence no longer links to wands of the dungeon.
You feel more encumbered by your armour.
Your skin feels very cold.
Your toenails lengthen and sharpen.
Really quaff the potion of mutation?
You feel extremely strange.
Your talons dull and shrink into feet.
You feel healthier.
Your system partially rejects the healing effects of potions.
Your feet thicken and deform.
Unknown command.
Unknown command.
Are you sure you want to abandon this character and quit the game? (Confirm with "yes".)

######
.##########......
.......@....#
##########..#
#######..#
#........#
#.#####.## #.#
#.# #.# #.#


There were no monsters in sight!

Vanquished Creatures
  2 orc priests
  2 orc wizards
  4 gnolls (D:2)
  A worm (D:2)
  A dart slug (D:2)
  8 orcs
  A bat (D:2)
  3 endoplasms
  3 goblins
  4 hobgoblins
  A quokka (D:2)
  3 ball pythons
  2 kobolds
  A rat (D:1)
36 creatures vanquished.

Notes
Turn   | Place    | Note
-------+----------+-------------------------------------------
     0 | D:1      | Psyclone the Deep Elf Conjurer began the quest for the Orb.
     0 | D:1      | Reached XP level 1. HP: 10/10 MP: 6/6
    80 | D:2      | Found Zutuxkoi's Jewellery Shop.
    83 | D:2      | Reached XP level 2. HP: 15/15 MP: 4/8
   100 | D:2      | Learned a level 2 spell: Searing Ray
   149 | D:2      | Gained mutation: You possess an exceptional clarity of
                  | mind. [potion of mutation]
   149 | D:2      | Gained mutation: Your movements are slightly less
                  | encumbered by armour. (ER -2) [potion of mutation]
   149 | D:2      | Gained mutation: You have hidden genetic potential. [potion
                  | of mutation]
   287 | D:2      | Found Tatheism's Distillery.
   295 | D:2      | Reached skill level 5 in Conjurations
   345 | D:2      | Found Xoolosaxt's Antique Armour Shop.
   438 | D:2      | Reached XP level 3. HP: 19/19 MP: 6/10
   451 | D:2      | Gained mutation: You are robust. (+10% HP) [hidden
                  | potential]
   621 | D:3      | Reached XP level 4. HP: 7/26 MP: 7/12
   622 | D:3      | Reached skill level 6 in Conjurations
   634 | D:3      | Gained mutation: You have great hidden genetic potential.
                  | [hidden potential]
   634 | D:3      | Lost mutation: You have great hidden genetic potential.
                  | [hidden potential expressed]
   811 | D:4      | Reached XP level 5. HP: 16/30 MP: 8/14
   813 | D:4      | Reached skill level 5 in Spellcasting
   823 | D:4      | Gained mutation: Your mind is acute. (Int +4, Str/Dex -1)
                  | [hidden potential]
   895 | D:4      | Noticed Eustachio
   956 | D:3      | Lost mutation: Your mind is acute. (Int +4, Str/Dex -1)
                  | [potion of mutation]
   956 | D:3      | Lost mutation: You are robust. (+10% HP) [potion of
                  | mutation]
   956 | D:3      | Lost mutation: You have hidden genetic potential. [potion
                  | of mutation]
   956 | D:3      | Gained mutation: You expend magic power (3 MP) to
                  | strengthen your wands. [potion of mutation]
   956 | D:3      | Gained mutation: Your body sometimes deteriorates upon
                  | taking damage. [potion of mutation]
   956 | D:3      | Gained mutation: You are partially covered in large bone
                  | plates. (SH +4) [potion of mutation]
   957 | D:3      | Lost mutation: You expend magic power (3 MP) to strengthen
                  | your wands. [potion of mutation]
   957 | D:3      | Lost mutation: Your movements are slightly less encumbered
                  | by armour. (ER -2) [potion of mutation]
   957 | D:3      | Gained mutation: A frigid envelope surrounds you and
                  | freezes all who hurt you. [potion of mutation]
   957 | D:3      | Gained mutation: You have sharp toenails. [potion of
                  | mutation]
   958 | D:3      | Lost mutation: You have sharp toenails. [potion of
                  | mutation]
   958 | D:3      | Lost mutation: Your body sometimes deteriorates upon taking
                  | damage. [potion of mutation]
   958 | D:3      | Gained mutation: Potions are less effective at restoring
                  | your health. [potion of mutation]
   958 | D:3      | Gained mutation: You have large cloven feet. [potion of
                  | mutation]
   959 | D:3      | Quit the game

Illustrated notes

Levels and vault maps discovered:
D:1:      saegor_arrival_simple_c, layout_rooms, serial_shops, shop,
          kennysheep_nondescript, minmay_misc_feat_ornament
D:2:      layout_basic, serial_shops, nicolae_shop_tiny_statue_garden,
          nicolae_shop_scrapyard, shop, shop
D:3:      layout_loops_ring
D:4:      layout_rooms, elyvilon_altar_1, minmay_temple_entry_trees,
          uniq_eustachio

Skill      XL: |  1  2  3  4  5 |
---------------+----------------+-----
Conjurations   | 5 6 |  6.5
Spellcasting   | 4 5 |  5.0
Dodging        | |  2.4
Stealth        | |  2.4

Action                     |  1- 3 |  4- 6 || total
---------------------------+-------+-------++-------
  Melee: Unarmed           |       |     1 ||     1
   Cast: Magic Dart        |    16 |     6 ||    22
         Searing Ray       |     9 |     9 ||    18
    Use: Potion            |     1 |     3 ||     4
  Dodge: Dodged            |     1 |       ||     1
